 Dungeon Sprint DCSS version 0.27-a0-101-g3cb999cee2 (webtiles) character file.

Game seed: 3069429703827770387

28622 mhtbhm the Sorcerer (level 13, -5/96 HPs)
             Began as a Deep Elf Earth Elementalist on Jan 22, 2021.
             Was the Champion of Vehumet.
             Slain by Saint Roka
             ... wielding a +0 great sword
              (17 damage)
             ... in the Dungeon (Sprint IX: "|||||||||||||||||||||||||||||").
             The game lasted 00:14:13 (6290 turns).

mhtbhm the Sorcerer (Deep Elf Earth Elementalist)   Turns: 6290, Time: 00:14:14

Health: -5/96      AC:  7    Str:  5    XL:     13   Next: 10%
Magic:  14/45      EV: 21    Int: 26    God:    Vehumet [******]
Gold:   1033       SH:  0    Dex: 15    Spells: 41/65 levels left

rFire    + + .     SeeInvis .   a - +8 trident of the Octopus King {venom, rElec rPois Will+}
rCold    + . .     Faith    .   (no shield)
rNeg     . . .     Spirit   .   c - +1 robe {rF+}
rPois    +         Reflect  .   u - +0 helmet
rElec    +         Harm     .   s - scarf {rC+ rF+}
rCorr    .         Rampage  .   n - +0 pair of gloves
Will     ++...     NoTele   +   A - +1 pair of boots
Stlth    ..........             (no amulet)
HPRegen  0.26/turn              p - +2 ring of evasion
MPRegen  0.29/turn              o - +2 ring of evasion

@: berserking, very quick
A: no striking features
a: Renounce Religion


You were in the Dungeon.
You worshipped Vehumet.
Vehumet was exalted by your worship.
You visited 1 branch You collected 1943 gold pieces.
You spent 910 gold pieces at shops.

Inventory:

Hand Weapons
 a - the +8 trident of the Octopus King (weapon) {venom, rElec rPois Will+}
   (You found it in the Dungeon)

   It poisons the flesh of those it strikes.
   It insulates you from electricity.
   It protects you from poison.
   It affects your willpower, your defense against some magical effects.
Missiles
 b - 5 stones
Armour
 c - a +1 robe of fire resistance (worn)
 n - a +0 pair of gloves (worn)
 s - a scarf of resistance (worn)
 t - a +1 tower shield
 u - a +0 helmet (worn)
 A - a +1 pair of boots (worn)
Jewellery
 o - a +2 ring of evasion (right hand)
 p - a +2 ring of evasion (left hand)
 x - an uncursed ring of poison resistance
 y - an uncursed ring of fire
 z - an uncursed ring of see invisible
Wands
 w - a wand of disintegration (12)
Scrolls
 i - 3 scrolls of blinking
 j - 6 scrolls of remove curse
 k - 2 scrolls of amnesia
 r - 2 scrolls of enchant weapon
 B - 4 scrolls of identify
 C - 2 scrolls of fear
Potions
 d - 2 potions of heal wounds
 e - 5 potions of curing
 f - 3 potions of haste
 g - 2 potions of magic
 h - a potion of berserk rage
 m - a potion of invisibility
 q - a potion of resistance
 v - 3 potions of might


   Skills:
 + Level 1.1 Fighting
 + Level 7.2 Dodging
 - Level 5.3 Stealth
 + Level 26.9 Spellcasting
 + Level 3.5 Conjurations
 + Level 6.5 Transmutations
 + Level 23.3 Earth Magic
 + Level 2.6 Evocations


You had 41 spell levels left.
You knew the following spells:

 Your Spells              Type           Power        Failure   Level
a - Sandblast             Erth           100%         0%          1
b - Passwall              Tmut/Erth      70%          0%          2
c - Stone Arrow           Conj/Erth      100%         0%          3
d - Lee's Rapid Deconstr  Erth           51%          0%          5
e - Petrify               Tmut/Erth      85%          1%          4
f - Freezing Cloud        Conj/Ice/Air   20%          19%         6
g - Mephitic Cloud        Conj/Pois/Air  41%          1%          3

Your spell library contained the following spells:

 Spells                   Type           Power        Failure   Level
 Lehudib's Crystal Spear  Conj/Erth      40%          6%          8
 Chain Lightning          Conj/Air       22%          99%         8
 Tornado                  Air            17%          100%        9
 Magic Dart               Conj           100%         1%          1
 Blink                    Tloc           N/A          1%          2
 Call Imp                 Summ           35%          1%          2
 Slow                     Hex            35%          1%          2
 Conjure Flame            Conj/Fire      44%          1%          3
 Ice Form                 Ice/Tmut       51%          1%          4


Dungeon Overview and Level Annotations

Branches:
Dungeon (1/1)

Altars:
Cheibriados
Dithmenos
Elyvilon
Fedhas
Gozag
Hepliaklqana
Kikubaaqudgha
Makhleb
Nemelex Xobeh
Okawaru
Qazlal
Ru
Sif Muna
Trog
Uskayaw
Vehumet
Wu Jian
Xom
Yredelemnul
Zin
The Shining One
Beogh
Jiyva
Lugonu

Shops:
D :(([

Annotations:
D Saint Roka


Message History

The spell is quite dangerous to cast (19% risk of failure)!
Continue anyway?
Aiming: Freezing Cloud (quite dangerous; 19% risk of failure)
Press: ? - help, Dir - move target Saint Roka is engulfed in freezing vapours.
Unknown command.
Evoke which item? (* to show all) (? for menu, Esc to quit)
Okay, then.
A red film seems to cover your vision as you go berserk!
You feel yourself moving faster!
You feel mighty!
Saint Roka hits you with a +0 great sword!!
You puncture Saint Roka!
Saint Roka is severely wounded.
Saint Roka hits you with a +0 great sword!!
* * * LOW HITPOINT WARNING * * *
You hit Saint Roka.
Saint Roka is severely wounded.
You puncture Saint Roka!
Saint Roka is poisoned.
Saint Roka is severely wounded.
Saint Roka hits you with a +0 great sword!
You die...

▓÷▓.▓[▓)▓.▓.▓.▓.▓
▓.▓.▓[▓.▓.▓.▓.▓°▓
▓.▓.▓.▓.▓.▓.▓.▓§▓
▓.▓.▓.▓.▓.▓.▓.▓§▓
▓.▓.▓'▓.▓.▓.▓.▓§▓
▓.▓.▓.▓.▓.▓.▓.▓§▓
▓'▓.▓.▓.▓.▓.▓.▓§▓
▓.▓.▓.▓.▓.▓.▓.▓o▓
▓...▓...▓...▓..@▓
▓▓▓▓▓▓▓▓▓▓▓▓▓▓▓▓▓


You could see Saint Roka (very poisoned).

Vanquished Creatures
  A frost giant (D)
  An ettin (D)
  9 ogre magi (D)
  Josephine (D)
  A centaur warrior (D)
  A hydra (D)
  A two-headed ogre (D)
  6 death yaks (D)
  A tengu warrior (D)
  4 deep trolls (D)
  2 ugly things (D)
  3 orc knights (D)
  An orc sorcerer (D)
  A manticore (shapeshifter) (D)
  A manticore (D)
  An elephant (D)
  Maurice (D)
  A kobold demonologist (D)
  A cane toad (D)
  A yaktaur (D)
  2 komodo dragons (D)
  4 trolls (D)
  A hornet (shapeshifter) (D)
  A polar bear (D)
  A meliai (D)
  A blink frog (D)
  2 slime creatures (D)
  4 yaks (D)
  4 wraiths (D)
  Eustachio (D)
  2 basilisks (D)
  A steam dragon (D)
  3 water moccasins (D)
  An ice beast (D)
  12 orc warriors (D)
  A black bear (D)
  A phantom (D)
  An ogre (D)
  A wolf (D)
  A centaur (D)
  3 bullfrogs (D)
  A hound (D)
  A jelly (D)
  7 orc priests (D)
  An orc wizard (D)
  A white imp (D)
  8 orcs (D)
  A bat skeleton (D)
  A giant cockroach (D)
  A hobgoblin (D)
  A quokka (D)
  2 frilled lizards (D)
  A kobold (D)
  A rat (D)
114 creatures vanquished.

Notes
Turn   | Place    | Note
-------+----------+-------------------------------------------
     0 | D        | mhtbhm the Deep Elf Earth Elementalist began the quest for
                  | the Orb.
     0 | D        | Reached XP level 1. HP: 10/10 MP: 6/6
    10 | D        | Reached skill level 4 in Spellcasting
   119 | D        | Noticed a phantom
   119 | D        | Noticed a centaur
   125 | D        | Killed a phantom
   126 | D        | Reached skill level 7 in Spellcasting
   126 | D        | Reached XP level 2. HP: 5/15 MP: 1/12
   126 | D        | Reached XP level 3. HP: 7/19 MP: 1/13
   126 | D        | Reached XP level 4. HP: 9/24 MP: 1/15
   144 | D        | Killed a centaur
   145 | D        | Reached skill level 8 in Spellcasting
   145 | D        | Reached XP level 5. HP: 13/28 MP: 14/18
   149 | D        | Learned a level 2 spell: Passwall
   153 | D        | Learned a level 3 spell: Stone Arrow
   159 | D        | Learned a level 5 spell: Lee's Rapid Deconstruction
   164 | D        | Learned a level 4 spell: Petrify
   317 | D        | Found a roughly hewn altar of Beogh.
   317 | D        | Found a snail-covered altar of Cheibriados.
   317 | D        | Found a shadowy altar of Dithmenos.
   317 | D        | Found a white marble altar of Elyvilon.
   317 | D        | Found a blossoming altar of Fedhas.
   317 | D        | Found an opulent altar of Gozag.
   318 | D        | Found a hazy altar of Hepliaklqana.
   319 | D        | Found a viscous altar of Jiyva.
   320 | D        | Found an ancient bone altar of Kikubaaqudgha.
   321 | D        | Found a corrupted altar of Lugonu.
   322 | D        | Found a burning altar of Makhleb.
   323 | D        | Found a sparkling altar of Nemelex Xobeh.
   324 | D        | Found an iron altar of Okawaru.
   325 | D        | Found a stormy altar of Qazlal.
   326 | D        | Found a sacrificial altar of Ru.
   327 | D        | Found a shimmering blue altar of Sif Muna.
   328 | D        | Found a bloodstained altar of Trog.
   329 | D        | Found a hide-covered altar of Uskayaw.
   330 | D        | Found a radiant altar of Vehumet.
   331 | D        | Found an ornate altar of the Wu Jian Council.
   332 | D        | Found a shimmering altar of Xom.
   333 | D        | Found a basalt altar of Yredelemnul.
   334 | D        | Found a glowing silver altar of Zin.
   335 | D        | Found a glowing golden altar of the Shining One.
   338 | D        | Became a worshipper of Vehumet
   372 | D        | Noticed a troll
   372 | D        | Noticed an ogre
   375 | D        | Reached skill level 5 in Dodging
   375 | D        | Reached skill level 9 in Spellcasting
   375 | D        | Reached skill level 10 in Earth Magic
   375 | D        | Killed a troll
   375 | D        | Reached * piety under Vehumet
   375 | D        | Offered knowledge of Foxfire by Vehumet.
   376 | D        | Reached skill level 11 in Spellcasting
   376 | D        | Reached XP level 6. HP: 32/32 MP: 16/22
   377 | D        | Reached skill level 12 in Spellcasting
   377 | D        | Reached XP level 7. HP: 36/36 MP: 15/24
   380 | D        | Reached ** piety under Vehumet
   596 | D        | Noticed a troll
   596 | D        | Noticed a green ugly thing
   596 | D        | Noticed a manticore
   598 | D        | Offered knowledge of Shock by Vehumet.
   602 | D        | Killed a troll
   602 | D        | Killed a green ugly thing
   603 | D        | Reached skill level 5 in Stealth
   603 | D        | Reached skill level 14 in Spellcasting
   603 | D        | Reached XP level 8. HP: 21/41 MP: 9/28
   603 | D        | Reached *** piety under Vehumet
   604 | D        | Reached skill level 15 in Spellcasting
   606 | D        | Killed a manticore
   607 | D        | Reached skill level 16 in Spellcasting
   607 | D        | Reached skill level 1 in Evocations
  1044 | D        | Found the +8 trident of the Octopus King {venom, rElec
                  | rPois Will+}
  1077 | D        | Noticed a blink frog
  1077 | D        | Noticed a cane toad
  1077 | D        | Noticed a komodo dragon
  1082 | D        | Killed a blink frog
  1082 | D        | Offered knowledge of Ignite Poison by Vehumet.
  1083 | D        | Reached XP level 9. HP: 45/45 MP: 26/31
  1084 | D        | Killed a cane toad
  1084 | D        | Reached **** piety under Vehumet
  1085 | D        | Reached skill level 17 in Spellcasting
  1085 | D        | Reached skill level 15 in Earth Magic
  1088 | D        | Killed a komodo dragon
  1089 | D        | Reached skill level 1 in Conjurations
  1089 | D        | Reached ***** piety under Vehumet
  1090 | D        | Reached skill level 18 in Spellcasting
  1319 | D        | Offered knowledge of Iskenderun's Mystic Blast by Vehumet.
  1667 | D        | Noticed a seven-headed hydra
  1667 | D        | Noticed an elephant
  1667 | D        | Noticed a polar bear
  1669 | D        | Offered knowledge of Lightning Bolt by Vehumet.
  1677 | D        | Killed a seven-headed hydra
  1678 | D        | Reached skill level 19 in Spellcasting
  1678 | D        | Reached XP level 10. HP: 50/50 MP: 13/35
  1926 | D        | Killed an elephant
  1926 | D        | Offered knowledge of Airstrike by Vehumet.
  2328 | D        | Reached skill level 20 in Spellcasting
  2407 | D        | Noticed a death yak
  2407 | D        | Noticed a death yak
  2407 | D        | Noticed a death yak
  2407 | D        | Noticed a death yak
  2411 | D        | Noticed a death yak
  2411 | D        | Killed a death yak
  2412 | D        | Killed a death yak
  2415 | D        | Killed a death yak
  2415 | D        | Reached ****** piety under Vehumet
  2415 | D        | Offered knowledge of Spellforged Servitor by Vehumet.
  2415 | D        | Killed a death yak
  2416 | D        | Reached skill level 21 in Spellcasting
  2416 | D        | Noticed a death yak
  2419 | D        | Killed a death yak
  2420 | D        | Reached XP level 11. HP: 23/55 MP: 7/38
  2802 | D        | Killed a death yak
  3067 | D        | Noticed Eustachio
  3070 | D        | Killed Eustachio
  3071 | D        | Reached skill level 22 in Spellcasting
  3083 | D        | Offered knowledge of Irradiate by Vehumet.
  3086 | D        | Noticed Josephine
  3298 | D        | Killed Josephine
  3299 | D        | Reached skill level 1 in Fighting
  3545 | D        | Noticed an orc sorcerer
  3553 | D        | Killed an orc sorcerer
  3553 | D        | Offered knowledge of Freezing Cloud by Vehumet.
  3559 | D        | Noticed an orc knight
  3788 | D        | Killed an orc knight
  3913 | D        | Learned a level 6 spell: Freezing Cloud
  4196 | D        | Noticed an orc knight
  4205 | D        | Noticed an orc knight
  4209 | D        | Killed an orc knight
  4210 | D        | Reached skill level 23 in Spellcasting
  4299 | D        | Killed an orc knight
  4593 | D        | Offered knowledge of Iron Shot by Vehumet.
  4735 | D        | Found Lawkoa's Book Emporium.
  4735 | D        | Noticed an ogre mage
  4735 | D        | Noticed an ogre mage
  4735 | D        | Noticed a deep troll
  4735 | D        | Noticed a deep troll
  4738 | D        | Killed an ogre mage
  4738 | D        | Killed an ogre mage
  4739 | D        | Reached skill level 5 in Transmutations
  4742 | D        | Noticed an ogre mage
  4744 | D        | Noticed an ogre mage
  4745 | D        | Killed a deep troll
  4745 | D        | Noticed a deep troll
  4746 | D        | Reached skill level 24 in Spellcasting
  4746 | D        | Reached XP level 12. HP: 60/60 MP: 21/42
  4746 | D        | Offered knowledge of Conjure Ball Lightning by Vehumet.
  4748 | D        | Killed an ogre mage
  4749 | D        | Killed an ogre mage
  4763 | D        | Noticed an ogre mage
  4766 | D        | Killed an ogre mage
  5061 | D        | Found Nyigaaps's Weapon Shoppe.
  5065 | D        | Found Nunett's Antique Weapon Emporium.
  5069 | D        | Found Qaixt's Armour Shoppe.
  5072 | D        | Noticed an ogre mage
  5073 | D        | Noticed an ogre mage
  5077 | D        | Killed an ogre mage
  5078 | D        | Killed an ogre mage
  5079 | D        | Reached skill level 25 in Spellcasting
  5080 | D        | Noticed an ogre mage
  5095 | D        | Killed an ogre mage
  5381 | D        | Bought the Disquisition on the Fiery Snowflakes for 650
                  | gold pieces
  5381 | D        | Bought a book of Minor Magic for 260 gold pieces
  5385 | D        | Learned a level 3 spell: Mephitic Cloud
  5447 | D        | Noticed Maurice
  5453 | D        | Killed Maurice
  5453 | D        | Offered knowledge of Orb of Destruction by Vehumet.
  5610 | D        | Noticed an ogre mage
  5610 | D        | Noticed a two-headed ogre
  5610 | D        | Noticed a tengu warrior
  5614 | D        | Killed a two-headed ogre
  5614 | D        | Killed an ogre mage
  5621 | D        | Killed a tengu warrior
  5627 | D        | Reached skill level 26 in Spellcasting
  5918 | D        | Noticed a frost giant
  5920 | D        | Offered knowledge of Lehudib's Crystal Spear by Vehumet.
  5920 | D        | Offered knowledge of Chain Lightning by Vehumet.
  5920 | D        | Offered knowledge of Tornado by Vehumet.
  5920 | D        | Noticed a centaur warrior
  5922 | D        | Killed a centaur warrior
  5923 | D        | Killed a frost giant
  5924 | D        | Reached XP level 13. HP: 43/64 MP: 22/45
  5961 | D        | Noticed an ettin
  5975 | D        | Killed an ettin
  6259 | D        | Noticed Saint Roka
  6290 | D        | Slain by Saint Roka

Illustrated notes

Levels and vault maps discovered:
D:        linesprint [early_d, line_temple, items_1, d_10, items_2, lair_1,
          lair_end, items_3, orc_1, orc_end, items_4, d_15, swamp_1, shoals_1,
          snake_1, spider_1, d_20, vaults_1, items_5, swamp_end, shoals_end,
          snake_end, spider_end, vaults_end, d_27, items_6, zot_1, zot_end,
          crypt_end, forest_end, elf_end, slime_end, tomb_end, abyss_end,
          pan_hell_end]

Skill      XL: |  1  2  3  4  5  6  7  8  9 10 11 12 |
---------------+-------------------------------------+-----
Earth Magic    | 7 9 11 12 13 14 16 18 20 23 | 23.3
Spellcasting   | 7 8 11 12 14 16 19 21 24 26 | 26.9
Dodging        | 3 4 5 6 7 |  7.2
Stealth        | 3 4 5 |  5.3
Evocations     | 1 2 |  2.6
Conjurations   | 1 2 3 |  3.5
Transmutations | 2 3 5 6 |  6.5
Fighting       | 1 |  1.1

Action                   |  1- 3 |  4- 6 |  7- 9 | 10-12 | 13-15 || total
-------------------------+-------+-------+-------+-------+-------++-------
Melee: Trident           |       |       |       |     1 |     3 ||     4
 Cast: Sandblast         |    12 |    10 |     2 |     2 |       ||    26
       Lee's Rapid Decon |       |       |    22 |   111 |    16 ||   149
       Stone Arrow       |       |       |     6 |    24 |       ||    30
       Petrify           |       |       |     3 |    30 |     6 ||    39
       Freezing Cloud    |       |       |       |       |     1 ||     1
       Mephitic Cloud    |       |       |       |       |     1 ||     1
Evoke: Wand              |       |     1 |     2 |     3 |     6 ||    12
  Use: Potion            |       |     3 |       |     1 |     5 ||     9
Armor: Robe              |       |     1 |     1 |     1 |       ||     3
Dodge: Dodged            |     7 |    11 |     9 |    22 |       ||    49

Table legend: (Time is in decaauts)
 A = Elapsed time spent in this place.
 B = Non-inter-level travel time spent in this place.
 C = Inter-level travel time spent in this place.
 D = Time resting spent in this place.
 E = Time spent auto-exploring this place.
 F = Levels seen in this place.
 G = Mean time per level.
                   A        B        C        D        E       F      G
               +--------+--------+--------+--------+--------+-----+--------+
         Total |   6296 |   6296 |      0 |   4260 |   1004 |   1 | 6296.0 |
       Dungeon |   6296 |   6296 |      0 |   4260 |   1004 |   1 | 6296.0 |
               +--------+--------+--------+--------+--------+-----+--------+

Top non-repeatable levels by time:
       D: 6296 daAuts
